 Dungeon Crawl Stone Soup version 0.19-a0-1170-g18f0c96 (webtiles) character file.

35 Lindan9 the Grave Robber (level 3, -2/24 HPs)
             Began as a Demonspawn Necromancer on Aug 17, 2016.
             Slain by a jackal (3 damage)
             ... on level 2 of the Dungeon.
             The game lasted 00:04:21 (1145 turns).

Lindan9 the Grave Robber (Demonspawn Necromancer)   Turns: 1145, Time: 00:04:22

Health: -2/24      AC:  2    Str:  8    XL:     3   Next: 17%
Magic:  0/6        EV: 12    Int: 17    God:
Gold:   64         SH:  0    Dex: 13    Spells: 1 memorised, 5 levels left

rFire  . . .     SeeInvis .     g - +1 dagger
rCold  . . .     Gourm    .     a - +0 robe
rNeg   . . .     Faith    .     (no shield)
rPois  .         Spirit   .     (no helmet)
rElec  .         Dismiss  .     (no cloak)
rCorr  .         Reflect  .     (no gloves)
MR     .....     Harm     .     (no boots)
Stlth  ++........               (no amulet)
                                (no ring)
                                (no ring)

@: no status effects
A: powered by pain 1
a: no special abilities


You were on level 2 of the Dungeon.
You were not hungry.

You visited 1 branch of the dungeon, and saw 2 of its levels.

You collected 64 gold pieces.

Inventory:

Hand Weapons
 g - a +1 dagger (weapon)
Armour
 a - a +0 robe (worn)
Jewellery
 j - a cursed -3 ring of protection {unknown}
Scrolls
 i - a scroll of enchant weapon
 k - a scroll of remove curse
Potions
 e - a potion of agility {unknown}
 h - a potion of might {unknown}
Books
 b - a book of Necromancy

   Spells                             Type                      Level
   a - Pain                           Necromancy                   1
   b - Animate Skeleton               Necromancy                   1
   c - Vampiric Draining              Necromancy                   3
   d - Regeneration                   Charms/Necromancy            3
   e - Animate Dead                   Necromancy                   4
   f - Control Undead                 Necromancy                   4
Comestibles
 c - 2 bread rations
 d - 3 fruits
 f - a beef jerky
 l - a meat ration


   Skills:
 + Level 0.2 Fighting
 + Level 1.9 Dodging
 + Level 2.0 Stealth
 + Level 2.3 Spellcasting
 + Level 5.0 Necromancy


You had 5 spell levels left.
You knew the following spells:

 Your Spells              Type           Power        Failure   Level  Hunger
a - Pain                  Necr           ###.         2%          1    #......


Dungeon Overview and Level Annotations

Branches:
Dungeon (2/15)

Altars:


Innate Abilities, Weirdness & Mutations

You sometimes gain a little power by taking damage.


Message History

The jackal closely misses you.
Casting: Pain
Confirm with . or Enter, or press ? or * to list all spells.
Aiming: Pain
Press: ? - help, Shift-Dir - straight line, f/p - jackal
Aim: a jackal (almost dead, chance to defeat MR: 94%)
The jackal barely resists.
The jackal barely misses you. x2
The jackal bites you.
* * * LOW HITPOINT WARNING * * *
The jackal bites you.
* * * LOW HITPOINT WARNING * * *
The jackal barely misses you. The jackal bites you.
* * * LOW HITPOINT WARNING * * *
Casting: Pain
Confirm with . or Enter, or press ? or * to list all spells.
Aiming: Pain
Press: ? - help, Shift-Dir - straight line, f/p - jackal
Aim: a jackal (severely wounded, chance to defeat MR: 94%)
The jackal writhes in agony!
The jackal bites you.
You die...

### #### ......#
#.##.### #......####.#
#.#.#........
#.........#########.#
#.#...............#
######.#.......#.######
.......#†....###@#
.##..........# #h#
#.##.#.#######h##
#<##.#.# #...# #.##.#.#
#...# #.##.#.# #...#
#......# #...# ####.###
#..†# #.# ......


You could see 2 jackals.

Vanquished Creatures
  An ooze (D:1)
  A dart slug (D:2)
  A giant gecko (D:1)
  7 bats
  A giant cockroach (D:1)
  4 hobgoblins (D:1)
  A jackal (D:2)
  A giant newt (D:1)
  A goblin (D:1)
  4 kobolds (D:1)
  7 rats (D:1)
29 creatures vanquished.

Vanquished Creatures (others)
  An adder (D:2)
1 creature vanquished.

Grand Total: 30 creatures vanquished

Notes
Turn   | Place    | Note
-------+----------+-------------------------------------------
     0 | D:1      | Lindan9 the Demonspawn Necromancer began the quest for the Orb.
     0 | D:1      | Reached XP level 1. HP: 13/13 MP: 3/3
   254 | D:1      | Gained mutation: You sometimes gain a little power by taking damage. [demonic ancestry]
   254 | D:1      | Reached XP level 2. HP: 17/19 MP: 1/5
   583 | D:1      | Reached skill level 5 in Necromancy
  1025 | D:1      | Reached XP level 3. HP: 15/24 MP: 1/6
  1141 | D:2      | HP: 1/24 [jackal (1)]
  1145 | D:2      | Slain by a jackal

Vault maps used:
D:1:      onia_arrival_mini_maze
D:2:      lemuel_flame_loot_1

Skill      XL: |  1  2 |
---------------+-------+-----
Necromancy     | 5 |  5.0
Stealth        | 2 |  2.0
Fighting       | |  0.2
Dodging        | |  1.9
Spellcasting   | |  2.3

Action                   || total
-------------------------++-------
Melee: Dagger            ||    19
       Unarmed           ||     3
 Cast: Pain              ||    43
  Use: Scroll            ||     3
  Eat: Fruit             ||     1
Armor: Robe              ||     8
Dodge: Dodged            ||    31
